 Dungeon Crawl Stone Soup version 0.31-a0-233-g139696dc86 (webtiles) character file.

Game seed: 397285724380834721

1443 qw the Skirmisher (level 8, -1/71 HPs)
             Began as a Minotaur Hexslinger on July 8, 2023.
             Was an Initiate of Okawaru.
             Slain by Pikel
             ... wielding a +2 whip of flaming
              (3 damage)
             ... on level 5 of the Dungeon.
             The game lasted 00:02:10 (4493 turns).

qw the Skirmisher (Minotaur Hexslinger)             Turns: 4493, Time: 00:02:11

Health: -1/71      AC:  6    Str: 11 (13) XL:     8   Next: 46%
Magic:  8/8        EV: 12    Int: 10      God:    Okawaru [......]
Gold:   49         SH:  0    Dex: 20 (21) Spells: 8/9 levels left

rFire   . . .        Y - +2 sling (drain)
rCold   . . .        (no shield)
rNeg    . . .        g - +0 ring mail
rPois   +            (helmet restricted)
rElec   .            (no cloak)
rCorr   .            j - +0 pair of gloves
SInv    .            (no boots)
Will    .....        (no amulet)
Stlth   +            f - +6 ring of dexterity
HPRegen 0.31/turn    a - ring of poison resistance
MPRegen 0.11/turn

%: no passive effects
@: no status effects
A: horns 2, retaliatory headbutt
a: Renounce Religion


You were on level 5 of the Dungeon.
You worshipped Okawaru.
Okawaru was noncommittal.
You visited 2 branches of the dungeon, and saw 6 of its levels.
You also visited: Ossuary.

You collected 349 gold pieces.
You spent 300 gold pieces at shops.


Innate Abilities, Weirdness & Mutations

You have a pair of horns on your head.
You reflexively headbutt those who attack you in melee.


   Skills:
 - Level 6.8 Fighting
 + Level 9.2 Ranged Weapons
 - Level 2.3 Armour
 - Level 3.3 Dodging
 - Level 1.0 Spellcasting
 - Level 2.0 Hexes


You had 8 spell levels left.
You knew the following spells:

 Your Spells              Type           Power      Damage    Failure   Level
a - Slow                  Hex            16%        N/A       34%         1

Your spell library contained the following spells:

 Spells                   Type           Power      Damage    Failure   Level
 Inner Flame              Hex/Fire       2%         N/A       85%         3
 Portal Projectile        Hex/Tloc       4%         N/A       85%         3
 Cause Fear               Hex            2%         N/A       98%         4

Inventory:

Hand Weapons
 Y - a +2 sling of draining (weapon)
Armour
 g - a +0 ring mail (worn)
 j - a +0 pair of gloves (worn)
Jewellery
 a - a ring of poison resistance (right hand)
 b - a ring of ice
 e - a ring of positive energy
 f - a +6 ring of dexterity (left hand)
Scrolls
 l - 2 scrolls of identify
Potions
 c - a potion of resistance
 d - 2 potions of enlightenment
 h - 3 potions of haste
 i - 4 potions of curing
 m - a potion of ambrosia {unknown}

Dungeon Overview and Level Annotations

Branches:
Dungeon (5/15)             Temple (1/1) D:4         Ossuary (visited)

Altars:
Ashenzari
Elyvilon
Fedhas
Gozag
Hepliaklqana
Kikubaaqudgha
Makhleb
Nemelex Xobeh
Okawaru
Qazlal
Ru
Sif Muna
Trog
Uskayaw
Vehumet
Xom
Yredelemnul
Zin
The Shining One

Shops:
D:2 =   D:4 *

Annotations:
D:4 3 runed translucent doors, qw's ghost, amateur MiHs
D:5 Pikel


Message History

Pikel hits you with a +2 whip of flaming.
Pikel burns you. The lemure misses you. You furiously retaliate!
You headbutt the lemure. The lemure completely misses you.
You shoot a sling bullet. The sling bullet hits the lemure.
You kill the lemure!
That felt strangely unrewarding.
Pikel hits you with a +2 whip of flaming.
Pikel burns you. The lemure barely misses you.
You shoot a sling bullet. The sling bullet closely misses Pikel.
The sling bullet hits the lemure.
The lemure is almost dead.
Pikel closely misses you. The lemure hits you but does no damage.
Pikel hits you with a +2 whip of flaming.
Pikel burns you.
You shoot a sling bullet. The sling bullet closely misses Pikel.
The sling bullet hits the lemure!
You kill the lemure!
That felt strangely unrewarding.
The lemure barely misses you. Pikel hits you but does no damage.
You shoot a sling bullet. The sling bullet hits Pikel.
You drain Pikel.
Pikel is moderately wounded.
Pikel completely misses you. The lemure hits you. The adder closely misses you.
You shoot a sling bullet. The sling bullet hits Pikel.
Pikel is moderately wounded.
The adder closely misses you. Pikel barely misses you. The lemure hits you.
You shoot a sling bullet. The sling bullet barely misses Pikel.
The sling bullet closely misses the lemure.
The sling bullet hits the ogre but does no damage.
The adder barely misses you. Pikel barely misses you. You furiously retaliate!
You headbutt Pikel. The lemure hits you.
You shoot a sling bullet. The sling bullet closely misses Pikel.
The sling bullet hits the lemure.
The lemure is lightly wounded.
The adder bites you. Pikel closely misses you. The lemure hits you.
The adder bites you but does no damage.
You shoot a sling bullet. The sling bullet hits Pikel.
You drain Pikel.
Pikel is severely wounded.
The adder bites you but does no damage.
Pikel hits you with a +2 whip of flaming.
You die...

#. ##.... #. ......
######.
#....#######+###......
.............##.#####
# #...........##.# #..
#..........##.#
..~..#S5........##.#
.~~~O5K@...%....##.#
..~..##.........'..#
#.. #.........#### #
#.........#
###########


You could see Pikel (drained), an ogre, 2 lemures and an adder.

Vanquished Creatures
  A wyvern (D:5)
  A black bear (D:4)
  2 lemures (D:5)
  12 scorpions
  3 human zombies (Ossuary)
  2 orc priests
  2 hounds
  An iguana (D:5)
  3 scorpion zombies (Ossuary)
  3 mummies (Ossuary)
  3 adders
  3 worms
  2 dart slugs
  14 orcs
  7 ball pythons
  10 endoplasms
  2 giant cockroaches
  3 gnoll zombies (Ossuary)
  8 goblins
  6 hobgoblins
  12 jackals
  3 quokkas
  7 bats
  A frilled lizard (D:1)
  4 goblin zombies
  4 hobgoblin zombies (Ossuary)
  6 kobolds
  A kobold zombie (Ossuary)
  An orc zombie (Ossuary)
  A quokka zombie (D:4)
  2 rats
130 creatures vanquished.

Notes
Turn   | Place    | Note
-------+----------+-------------------------------------------
     0 | D:1      | qw the Minotaur Hexslinger began the quest for the Orb.
     0 | D:1      | Reached XP level 1. HP: 16/16 MP: 1/1
     0 | D:1      | 0 ||| qw: Version: 0.3-a-46-gb1f654a
     0 | D:1      | 0 ||| qw: Game counter: 3701
     0 | D:1      | 0 ||| qw: Melee chars always use a shield: true
     0 | D:1      | 0 ||| qw: God list: Okawaru
     0 | D:1      | 0 ||| qw: Allow faded altars: false
     0 | D:1      | 0 ||| qw: Do Orc after clearing Dungeon:15 true
     0 | D:1      | 0 ||| qw: Do second Lair branch before Depths: true
     0 | D:1      | 0 ||| qw: Lair rune preference: random
     0 | D:1      | 0 ||| qw: Goals: Normal
     0 | D:1      | 0 ||| PLANNING D:1-11
   155 | D:1      | Reached skill level 3 in Ranged Weapons
   160 | D:1      | Reached XP level 2. HP: 23/23 MP: 2/2
   322 | D:1      | Found a faded altar of an unknown god.
   604 | D:1      | 604 ||| UPGRADING to +0 ring mail.
   614 | D:1      | 614 ||| DROPPING +0 robe.
   615 | D:1      | 615 ||| UPGRADING to +6 ring of dexterity.
   616 | D:1      | 616 ||| READING scroll labelled GEMACH EXKYIF.
   617 | D:1      | 617 ||| READING scroll labelled CUTIR ZESSODAY.
   618 | D:1      | 618 ||| DROPPING scroll of poison.
   651 | D:2      | 651 ||| STAIRDANCE
   881 | D:2      | Reached XP level 3. HP: 25/29 MP: 3/3
   935 | D:2      | Found Wycaebul's Jewellery Emporium.
   942 | D:2      | 942 ||| SHOPLISTING +4 ring of protection (432 gold, have
                  | 148).
   942 | D:2      | 942 ||| SHOPLISTING amulet of regeneration (360 gold, have
                  | 148).
   942 | D:2      | 942 ||| SHOPLISTING ring of Cynicism {rElec rN+++ rCorr
                  | Int-4 Dex-3} (483 gold, have 148).
   942 | D:2      | 942 ||| SHOPLISTING ring of Sopnomej {Wiz Will+} (511 gold,
                  | have 148).
   942 | D:2      | 942 ||| SHOPLISTING ring of poison resistance (240 gold,
                  | have 148).
   942 | D:2      | 942 ||| SHOPLISTING ring of protection from cold (300 gold,
                  | have 148).
   942 | D:2      | 942 ||| SHOPLISTING ring of willpower (300 gold, have 148).
  1024 | D:2      | Reached skill level 4 in Ranged Weapons
  1024 | D:2      | 1024 ||| FLEEEEING.
  1025 | D:2      | 1025 ||| FLEEEEING.
  1026 | D:2      | 1026 ||| FLEEEEING.
  1027 | D:2      | 1027 ||| FLEEEEING.
  1028 | D:2      | 1028 ||| FLEEEEING.
  1029 | D:2      | 1029 ||| FLEEEEING.
  1030 | D:2      | 1030 ||| FLEEEEING.
  1031 | D:2      | 1031 ||| FLEEEEING.
  1032 | D:2      | 1032 ||| FLEEEEING.
  1033 | D:2      | 1033 ||| FLEEEEING.
  1034 | D:2      | 1034 ||| FLEEEEING.
  1035 | D:2      | 1035 ||| FLEEEEING.
  1036 | D:2      | 1036 ||| FLEEEEING.
  1037 | D:2      | 1037 ||| STAIRDANCE
  1064 | D:1      | 1064 ||| READING scroll labelled DICSYTW XOACID.
  1074 | D:2      | 1074 ||| STAIRDANCE
  1102 | D:2      | 1102 ||| STAIRDANCE
  1107 | D:1      | Reached XP level 4. HP: 20/36 MP: 4/4
  1612 | D:2      | 1612 ||| READING scroll labelled VOFOUG ZIALEOPS.
  1641 | D:3      | Found a burning altar of Makhleb.
  1648 | D:3      | 1648 ||| STAIRDANCE
  1738 | D:3      | Reached skill level 5 in Ranged Weapons
  1738 | D:3      | Reached XP level 5. HP: 36/41 MP: 5/5
  1904 | D:3      | HP: 10/41 [orc priest/divine providence (15)]
  1909 | D:3      | Reached skill level 3 in Fighting
  2116 | D:3      | Found a sparkling altar of Nemelex Xobeh.
  2160 | D:3      | Found Zin's Purification Station.
  2165 | D:3      | Found a glowing silver altar of Zin.
  2170 | D:3      | 2170 ||| BUYING potion of curing (90 gold).
  2170 | D:3      | Bought a potion of curing for 90 gold pieces
  2344 | D:3      | 2344 ||| UPGRADING to +0 pair of gloves.
  2349 | D:3      | 2349 ||| READING scroll labelled ETEIFU OSAJOLL.
  2367 | D:4      | 2367 ||| PLANNING OSSUARY
  2372 | D:4      | Noticed qw's ghost (amateur MiHs)
  2463 | D:4      | Noticed a black bear
  2469 | D:4      | Killed a black bear
  2470 | D:4      | Reached skill level 6 in Ranged Weapons
  2470 | D:4      | Reached XP level 6. HP: 51/51 MP: 6/6
  2474 | D:4      | Found a runed translucent gate.
  2474 | D:4      | Found a runed translucent gate.
  2474 | D:4      | Found a runed translucent gate.
  2519 | D:4      | Found Ziofoqaa's Assorted Antiques.
  2527 | D:4      | 2527 ||| BUYING notched bone ring (150 gold).
  2527 | D:4      | Bought a notched bone ring for 150 gold pieces
  2527 | D:4      | 2527 ||| BUYING scroll of identify (60 gold).
  2527 | D:4      | Bought a scroll of identify for 60 gold pieces
  2527 | D:4      | 2527 ||| SHOPLISTING scroll of identify (60 gold, have 49).
  2670 | D:4      | Found a staircase to the Ecumenical Temple.
  2798 | D:4      | Found a sand-covered staircase.
  2799 | D:4      | 2799 ||| DROPPING ring of magical power.
  2800 | D:4      | 2800 ||| READING scroll labelled TYUSSOCONA.
  2803 | D:4      | 2803 ||| READING scroll labelled YGUSTR XIHAAV.
  2804 | D:4      | 2804 ||| DRINKING 3 fizzy coppery potions.
  2805 | D:4      | 2805 ||| READING 2 scrolls of identify.
  2805 | D:4      | 2805 ||| IDENTIFYING blue potion
  2806 | D:4      | 2806 ||| DROPPING potion of attraction.
  2888 | Ossuary  | Entered an ossuary
  3043 | Ossuary  | 3043 ||| FLEEEEING.
  3048 | Ossuary  | 3048 ||| FLEEEEING.
  3049 | Ossuary  | 3049 ||| FLEEEEING.
  3107 | Ossuary  | HP: 11/52 [mummy (16)]
  3277 | Ossuary  | Reached skill level 7 in Ranged Weapons
  3293 | Ossuary  | Reached XP level 7. HP: 40/59 MP: 7/7
  3364 | Ossuary  | Reached skill level 3 in Dodging
  3485 | Ossuary  | 3485 ||| UPGRADING to ring of poison resistance.
  3486 | Ossuary  | 3486 ||| READING 2 scrolls of identify.
  3486 | Ossuary  | 3486 ||| IDENTIFYING purple potion
  3509 | Ossuary  | Reached skill level 8 in Ranged Weapons
  3583 | Ossuary  | 3583 ||| FLEEEEING.
  3748 | Ossuary  | Reached XP level 8. HP: 68/68 MP: 8/8
  3760 | Ossuary  | Reached skill level 9 in Ranged Weapons
  3787 | Ossuary  | 3787 ||| READING scroll labelled KUAF QABERGHEOCUI.
  3788 | Ossuary  | 3788 ||| READING scroll labelled YCHO BEGODWO.
  3789 | Ossuary  | 3789 ||| READING scroll labelled XACVEE NOANAS.
  3790 | Ossuary  | 3790 ||| DRINKING 3 red potions.
  3791 | Ossuary  | 3791 ||| DRINKING 3 lumpy green potions.
  3792 | Ossuary  | 3792 ||| DRINKING 3 cyan potions.
  3793 | Ossuary  | 3793 ||| DROPPING 2 potions of magic.
  3794 | Ossuary  | 3794 ||| DROPPING 2 potions of degeneration.
  3856 | D:4      | 3856 ||| PLANNING TEMPLE
  3898 | Temple   | Entered the Ecumenical Temple
  3961 | Temple   | 3961 ||| PLANNING OKAWARU WORSHIP
  3978 | Temple   | Became a worshipper of Warmaster Okawaru
  3979 | Temple   | 3979 ||| PLANNING D:1-11
  4314 | D:5      | Entered Level 5 of the Dungeon
  4404 | D:5      | Found a hazy altar of Hepliaklqana.
  4405 | D:5      | Found a shimmering altar of Xom.
  4406 | D:5      | Noticed a spectral ugly thing
  4433 | D:5      | Reached skill level 6 in Fighting
  4471 | D:5      | Noticed Pikel
  4489 | D:5      | HP: 17/71 [lemure[Pikel] (2)]
  4492 | D:5      | HP: 6/71 [adder (3)]
  4492 | D:5      | HP: 2/71 [lemure[Pikel] (4)]
  4493 | D:5      | Slain by Pikel

Levels and vault maps discovered:
D:1:      dpeg_arrival_short_road, layout_basic,
          dreamdust_ecumenical_altar_statues
D:2:      layout_loops_ring, serial_shops, shop, kennysheep_nondescript,
          guppyfry_early_orc_mine
D:3:      layout_rooms, zin_purify, grunt_temple_overflow_open,
          kennysheep_orc_chapel
D:4:      layout_gridville, minmay_temple_entry_wispy, serial_shops, shop,
          gammafunk_ghost_split, enter_ossuary_4, minmay_misc_feat_alley
D:5:      kennysheep_steamy, layout_basic, regret_index_temple_of_mockery,
          grunt_dithmenos_smoke, amcnicky_mini_pool_small, uniq_blork_the_orc,
          uniq_pikel
Temple:   nicolae_temple_great_sept

Skill      XL: |  1  2  3  4  5  6  7  8 |
---------------+-------------------------+-----
Ranged Weapons | 3 4 5 6 7 8 9 |  9.2
Fighting       | 2 3 4 5 6 |  6.8
Armour         | 2 |  2.3
Dodging        | 3 |  3.3
Spellcasting   | |  1.0
Hexes          | |  2.0

Action                     |  1- 3 |  4- 6 |  7- 9 || total
---------------------------+-------+-------+-------++-------
   Fire: Sling             |   108 |   213 |   158 ||   479
    Use: Scroll            |     3 |     5 |     4 ||    12
         Potion            |       |     1 |     3 ||     4
 Armour: Robe              |     5 |       |       ||     5
         Ring mail         |    13 |    41 |    46 ||   100
  Dodge: Dodged            |    41 |    54 |    72 ||   167

Table legend:
 A = Non-vault XP
 B = Vault XP
 C = Vault XP percentage of total XP
 D = Non-vault monster count
 E = Vault monster count
 F = Vault count percentage of total count
                 A         B        C        D         E       F
            +---------+---------+-------+---------+---------+-------
      Total |     763 |    1299 |  63.0 |      84 |      44 |  34.4
            +---------+---------+-------+---------+---------+-------
        D:1 |      82 |       0 |   0.0 |      22 |       0 |   0.0
        D:2 |      54 |      17 |  23.9 |      14 |       7 |  33.3
        D:3 |      88 |      49 |  35.8 |      23 |       3 |  11.5
        D:4 |     178 |       2 |   1.1 |      21 |       2 |   8.7
        D:5 |     361 |       0 |   0.0 |       4 |       0 |   0.0
    Ossuary |       0 |    1231 | 100.0 |       0 |      32 | 100.0
            +---------+---------+-------+---------+---------+-------
